General information
- name: BNet
- type: Ladder team game (AT/RT)
- host: Battle.net
- saver: DanielCormier
map: Battleground_LV
- players: 8
- length: 12:54
- speed: Fast
- version: 1.30 W3XP
- replay type: Public
» download(174 KB)
Players
team 1 (winner)
tinker (
blue | 131 APM | 1691 actions | 12:53)
4 Death Knight
2 Death Coil
2 Unholy Aura
1 Lich
1 Frost Nova
» actions
| Assign group hotkey | 44 | |
| Basic commands | 224 | |
| Build / train | 68 | |
| ESC pressed | 6 | |
| Enter build submenu | 15 | |
| Enter hero's abilities submenu | 5 | |
| Give item / drop item | 2 | |
| Right click | 666 | |
| Select / deselect | 256 | |
| Select group hotkey | 303 | |
| Use ability | 102 | |
1691 total
» units
| Acolyte | 10 | |
| Ghoul | 7 | |
| Crypt Fiend | 10 | |
| Obsidian Statue | 3 | |
30 total
» upgrades
| Burrow | 1 | |
| Creature Attack | 1 | |
| Web | 1 | |
| Destroyer Form | 1 | |
4 total
» buildings
| Graveyard | 1 | |
| Crypt | 1 | |
| Altar of Darkness | 1 | |
| Ziggurat | 5 | |
| Tomb of Relics | 1 | |
| Nerubian Tower | 2 | |
| Halls of the Dead | 2 | |
| Necropolis | 1 | |
| Slaughterhouse | 1 | |
| Black Citadel | 1 | |
| Sacrificial Pit | 1 | |
17 total
» build order
00:10 Graveyard
00:15 Crypt
00:35 Altar of Darkness
00:47 Ziggurat
01:24 Tomb of Relics
01:58 Ziggurat
02:35 Nerubian Tower
03:56 Halls of the Dead
03:57 Halls of the Dead
04:12 Ziggurat
05:30 Necropolis
06:46 Slaughterhouse
08:59 Ziggurat
09:28 Black Citadel
10:24 Ziggurat
10:34 Nerubian Tower
10:36 Sacrificial Pit
» items
| Rod of Necromancy | 5 | |
| Dust of Appearance | 2 | |
| Sacrificial Skull | 1 | |
| Potion of Mana | 1 | |
| Potion of Healing | 1 | |
| Scroll of Town Portal | 1 | |
| Orb of Corruption | 1 | |
| Scroll of Healing | 1 | |
13 total
DanielCormier (
red | 171 APM | 2202 actions | 12:54)
4 Far Seer
2 Feral Spirit
2 Chain Lighting
3 Shadow Hunter
2 Hex
1 Healing Wave
» actions
| Assign group hotkey | 30 | |
| Basic commands | 187 | |
| Build / train | 48 | |
| Enter build submenu | 11 | |
| Enter hero's abilities submenu | 7 | |
| Right click | 996 | |
| Select / deselect | 439 | |
| Select group hotkey | 433 | |
| Use ability | 51 | |
2202 total
» units
| Peon | 11 | |
| Troll Headhunter/Berserker | 17 | |
28 total
» upgrades
| Troll Regeneration | 1 | |
| Ranged Weapons | 1 | |
| Berserker Upgrade | 1 | |
3 total
» buildings
| Altar of Storms | 1 | |
| War Mill | 1 | |
| Barracks | 1 | |
| Orc Burrow | 3 | |
| Voodoo Lounge | 1 | |
| Stronghold | 1 | |
| Great Hall | 1 | |
| Fortress | 2 | |
11 total
» build order
00:05 Altar of Storms
00:10 War Mill
00:38 Barracks
01:22 Orc Burrow
02:02 Voodoo Lounge
02:31 Orc Burrow
03:55 Stronghold
05:05 Great Hall
05:17 Orc Burrow
08:46 Fortress
08:46 Fortress
» items
| Healing Salve | 1 | |
| Lesser Clarity Potion | 2 | |
| Potion of Mana | 1 | |
4 total
doyoudisagree (
yellow | 113 APM | 1455 actions | 12:53)
4 Keeper of the Grove
2 Force of Nature
2 Entangling Roots
3 Priestess of the Moon
2 Trueshot Aura
1 Searing Arrows
» actions
| Assign group hotkey | 32 | |
| Basic commands | 14 | |
| Build / train | 42 | |
| ESC pressed | 2 | |
| Enter build submenu | 14 | |
| Enter hero's abilities submenu | 7 | |
| Right click | 901 | |
| Select / deselect | 203 | |
| Select group hotkey | 186 | |
| Use ability | 54 | |
1455 total
» units
» upgrades
| Abolish Magic | 1 | |
| Reinforced Hides | 2 | |
| Strength of the Wild | 1 | |
4 total
» buildings
| Altar of Elders | 1 | |
| Moon Well | 6 | |
| Ancient of War | 1 | |
| Tree of Ages | 2 | |
| Hunter's Hall | 1 | |
| Ancient of Wonders | 1 | |
| Ancient of Lore | 4 | |
16 total
» build order
00:02 Altar of Elders
00:16 Moon Well
00:47 Ancient of War
01:26 Moon Well
02:34 Tree of Ages
02:34 Tree of Ages
03:18 Moon Well
03:38 Hunter's Hall
04:08 Ancient of Wonders
05:04 Ancient of Lore
05:05 Ancient of Lore
05:06 Ancient of Lore
05:07 Ancient of Lore
06:06 Moon Well
06:11 Moon Well
09:49 Moon Well
nGBeast (
teal | 87 APM | 1125 actions | 12:53)
4 Blademaster
2 Wind Walk
2 Critical Strike
1 Tauren Chieftain
1 Endurance Aura
» actions
| Assign group hotkey | 14 | |
| Basic commands | 2 | |
| Build / train | 38 | |
| ESC pressed | 1 | |
| Enter build submenu | 19 | |
| Enter hero's abilities submenu | 5 | |
| Give item / drop item | 1 | |
| Remove unit from queue | 1 | |
| Right click | 751 | |
| Select / deselect | 213 | |
| Select group hotkey | 39 | |
| Use ability | 41 | |
1125 total
» units
» upgrades
» buildings
| Barracks | 1 | |
| War Mill | 2 | |
| Orc Burrow | 7 | |
| Altar of Storms | 1 | |
| Voodoo Lounge | 1 | |
| Stronghold | 1 | |
| Fortress | 1 | |
| Tauren Totem | 2 | |
16 total
» build order
00:05 Barracks
00:10 War Mill
00:23 Orc Burrow
00:49 Altar of Storms
01:38 Orc Burrow
01:41 Orc Burrow
01:51 Voodoo Lounge
03:34 Stronghold
04:09 Orc Burrow
04:55 War Mill
05:59 Fortress
06:45 Orc Burrow
07:42 Tauren Totem
10:06 Tauren Totem
11:50 Orc Burrow
12:17 Orc Burrow
» items
| Healing Salve | 2 | |
| Boots of Speed | 1 | |
| Lesser Clarity Potion | 1 | |
| Potion of Healing | 2 | |
| Potion of Mana | 1 | |
| Scroll of Town Portal | 1 | |
8 total
team 2 (loser)

»
DASKA (
purple | 87 APM | 997 actions | 11:24)
2 Blademaster
1 Wind Walk
1 Critical Strike
» actions
| Assign group hotkey | 14 | |
| Build / train | 36 | |
| Enter build submenu | 18 | |
| Enter hero's abilities submenu | 2 | |
| Give item / drop item | 1 | |
| Right click | 503 | |
| Select / deselect | 102 | |
| Select group hotkey | 253 | |
| Use ability | 68 | |
997 total
» units
» upgrades
» buildings
| Altar of Storms | 1 | |
| Orc Burrow | 3 | |
| Voodoo Lounge | 1 | |
| Barracks | 1 | |
| War Mill | 1 | |
| Stronghold | 1 | |
| Watch Tower | 6 | |
| Beastiary | 3 | |
17 total
» build order
00:05 Altar of Storms
00:13 Orc Burrow
01:01 Voodoo Lounge
01:28 Barracks
01:58 Orc Burrow
03:18 War Mill
03:35 Stronghold
04:43 Watch Tower
04:44 Watch Tower
05:07 Watch Tower
05:08 Watch Tower
06:40 Watch Tower
06:42 Watch Tower
06:56 Beastiary
06:58 Beastiary
07:43 Beastiary
08:11 Orc Burrow
» items
| Lesser Clarity Potion | 6 | |
| Healing Salve | 2 | |
| Scroll of Speed | 2 | |
| Boots of Speed | 1 | |
| Potion of Lesser Invulnerability | 1 | |
| Staff of Teleportation | 1 | |
| Circlet of Nobility | 1 | |
| Dust of Appearance | 1 | |
| Potion of Mana | 1 | |
16 total

»
wolfblade16 (
green | 64 APM | 822 actions | 12:53)
4 Blademaster
3 Wind Walk
1 Critical Strike
1 Shadow Hunter
1 Hex
» actions
| Assign group hotkey | 14 | |
| Basic commands | 32 | |
| Build / train | 39 | |
| ESC pressed | 3 | |
| Enter build submenu | 10 | |
| Enter hero's abilities submenu | 5 | |
| Right click | 342 | |
| Select / deselect | 198 | |
| Select group hotkey | 122 | |
| Use ability | 57 | |
822 total
» units
| Peon | 12 | |
| Grunt | 6 | |
| Wind Rider | 2 | |
| Raider | 1 | |
21 total
» upgrades
| Armor | 1 | |
| Reinforced Defenses | 1 | |
| Ensnare | 1 | |
3 total
» buildings
| Orc Burrow | 4 | |
| Altar of Storms | 1 | |
| Barracks | 1 | |
| Voodoo Lounge | 1 | |
| Stronghold | 1 | |
| Great Hall | 1 | |
| War Mill | 1 | |
| Beastiary | 1 | |
11 total
» build order
00:23 Orc Burrow
00:37 Altar of Storms
00:53 Barracks
01:15 Orc Burrow
01:41 Voodoo Lounge
04:31 Stronghold
04:33 Orc Burrow
04:53 Great Hall
05:35 War Mill
07:18 Beastiary
07:27 Orc Burrow
» items

»
Insquid (
pink | 84 APM | 1031 actions | 12:15)
4 Far Seer
2 Feral Spirit
2 Chain Lighting
2 Shadow Hunter
1 Healing Wave
1 Hex
» actions
| Assign group hotkey | 27 | |
| Basic commands | 85 | |
| Build / train | 32 | |
| Enter build submenu | 13 | |
| Enter hero's abilities submenu | 6 | |
| Give item / drop item | 2 | |
| Right click | 358 | |
| Select / deselect | 275 | |
| Select group hotkey | 195 | |
| Use ability | 38 | |
1031 total
» units
| Peon | 6 | |
| Grunt | 8 | |
| Forest Troll Berserker | 1 | |
| Raider | 3 | |
18 total
» buildings
| Altar of Storms | 1 | |
| Barracks | 1 | |
| Orc Burrow | 3 | |
| Voodoo Lounge | 1 | |
| Stronghold | 1 | |
| War Mill | 1 | |
| Great Hall | 1 | |
| Beastiary | 2 | |
11 total
» build order
00:08 Altar of Storms
00:18 Barracks
00:37 Orc Burrow
01:47 Orc Burrow
02:12 Voodoo Lounge
03:17 Orc Burrow
03:54 Stronghold
04:39 War Mill
05:32 Great Hall
07:16 Beastiary
07:18 Beastiary
» items
| Healing Salve | 2 | |
| Scroll of Speed | 2 | |
| Lesser Clarity Potion | 1 | |
5 total

»
ReadyPlayerOne (
orange | 44 APM | 502 actions | 11:27)
3 Keeper of the Grove
1 Force of Nature
2 Entangling Roots
» actions
| Build / train | 50 | |
| Enter build submenu | 14 | |
| Enter hero's abilities submenu | 3 | |
| Right click | 257 | |
| Select / deselect | 141 | |
| Use ability | 37 | |
502 total
» units
» upgrades
| Ultravision | 1 | |
| Strength of the Wild | 1 | |
| Reinforced Hides | 1 | |
| Abolish Magic | 1 | |
4 total
» buildings
| Altar of Elders | 1 | |
| Moon Well | 5 | |
| Ancient of War | 1 | |
| Hunter's Hall | 1 | |
| Ancient of Wonders | 1 | |
| Ancient Protector | 2 | |
| Tree of Ages | 1 | |
| Tree of Life | 1 | |
| Ancient of Lore | 2 | |
| Tree of Eternity | 1 | |
16 total
» build order
00:13 Altar of Elders
00:15 Moon Well
00:35 Ancient of War
01:54 Moon Well
02:19 Moon Well
02:53 Hunter's Hall
03:03 Ancient of Wonders
04:20 Ancient Protector
04:22 Ancient Protector
05:02 Tree of Ages
06:45 Moon Well
06:53 Moon Well
07:09 Tree of Life
08:11 Ancient of Lore
08:13 Ancient of Lore
09:19 Tree of Eternity
» items
| Scroll of Town Portal | 1 | |
| Scroll of Speed | 2 | |
3 total
Chat log
(00:14 / Allies) DanielCormier: its the champ
(00:21 / Allies) tinker: hi 100 g anyone?
(00:31 / Allies) tinker: ty
(08:29 / Allies) nGBeast: any lumb?
(09:41 / All) DASKA: rape of the year